 Dungeon Crawl Stone Soup version 0.28-a0-771-g91a516d0e7 (webtiles) character file.

Game seed: 4347326727121826719

172 wrbvjkr the Vexing (level 5, -1/24 HPs)
             Began as a Spriggan Enchanter on Nov 1, 2021.
             Killed from afar by Blork the orc (11 damage)
             ... with a puff of frost
             ... on level 4 of the Dungeon.
             The game lasted 00:07:36 (3353 turns).

wrbvjkr the Vexing (Spriggan Enchanter)             Turns: 3353, Time: 00:07:37

Health: -1/24      AC:  1    Str:  5    XL:     5   Next: 27%
Magic:  6/13       EV: 17    Int: 15    God:
Gold:   177        SH:  0    Dex: 15    Spells: 5/14 levels left

rFire   . . .      SeeInvis +   a - +2 dagger
rCold   . . .      Faith    .   (shield restricted)
rNeg    + . .      Spirit   .   b - +0 robe
rPois   .          Reflect  .   (helmet restricted)
rElec   .          Harm     .   (no cloak)
rCorr   .          Rampage  .   (gloves unavailable)
Will    .....                   (boots unavailable)
Stlth   ++++......              f - amulet of regeneration
HPRegen 1.08/turn               h - ring of positive energy
MPRegen 0.13/turn               (no ring)

@: very quick
A: very small, no large weapons, unfitting armour, see invisible, speed 3,
camouflage 1, deformed body, dopey 1
a: no special abilities


You were on level 4 of the Dungeon.
You visited 1 branch of the dungeon, and saw 4 of its levels.

You collected 177 gold pieces.

Inventory:

Hand Weapons
 a - a +2 dagger (weapon)
Armour
 b - a +0 robe (worn)
Jewellery
 f - an amulet of regeneration (around neck)
 h - a ring of positive energy (left hand)
Wands
 l - a wand of iceblast (13)
Scrolls
 d - 2 scrolls of immolation
 e - 3 scrolls of amnesia
 j - a scroll of teleportation
Potions
 c - a potion of invisibility
 g - a potion of might
 i - a potion of berserk rage {unknown}
 k - a potion of lignification {unknown}
 m - a potion of heal wounds {unknown}


   Skills:
 - Level 1.1 Short Blades
 - Level 2.6 Dodging
 + Level 4.6 Stealth
 + Level 5.1 Spellcasting
 + Level 5.7 Hexes


You had 5 spell levels left.
You knew the following spells:

 Your Spells              Type           Power      Damage    Failure   Level
a - Ensorcelled Hibernat  Hex/Ice        24%        N/A       8%          2
b - Tukima's Dance        Hex            20%        N/A       4%          3
c - Dazzling Flash        Conj/Hex       24%        N/A       16%         3
d - Animate Skeleton      Necr           6%         N/A       16%         1

Your spell library contained the following spells:

 Spells                   Type           Power      Damage    Failure   Level
 Confusing Touch          Hex            20%        N/A       4%          3
 Pain                     Necr           12%        1d4       16%         1
 Portal Projectile        Hex/Tloc       24%        N/A       16%         3
 Corpse Rot               Necr/Air       6%         N/A       24%         2
 Passwall                 Tmut/Erth      2%         N/A       24%         2
 Poisonous Vapours        Pois/Air       6%         N/A       24%         2
 Call Canine Familiar     Summ           3%         N/A       43%         3
 Swiftness                Air            3%         N/A       43%         3
 Vampiric Draining        Necr           1%         2d6       43%         3
 Leda's Liquefaction      Hex/Erth       6%         N/A       45%         4
 Invisibility             Hex            10%        N/A       94%         6
 Conjure Ball Lightning   Conj/Air       1%         3x3d6     100%        6
 Discord                  Hex            10%        N/A       100%        8
 Disjunction              Tloc           1%         N/A       100%        8


Dungeon Overview and Level Annotations

Branches:
Dungeon (4/15)
 Temple: D:4-7

Altars:
Ashenzari
Gozag
Wu Jian
Xom

Shops:
D:1 =

Annotations:
D:4 Blork the orc


Innate Abilities, Weirdness & Mutations

You are very small and have problems with some larger weapons.
You are too small for most types of armour.
You have supernaturally acute eyesight. (SInv)
You cover ground extremely quickly. (Speed+++)
Your skin changes colour to match your surroundings (Stealth+).
Armour fits poorly on your strangely shaped body.
You are dopey. (Int -2)


Message History

Blork the orc shouts!
The +0 flail dances into the air!
Your +0 trident hits the orc.
The orc hits your +0 trident.
Blork the orc gestures at you while chanting.
The puff of flame misses you.
The orc hits your +0 trident but does no damage.
Your +0 trident hits the orc.
Something hits your +0 trident.
Your +0 trident hits something!
You feel a bit more experienced.
You see here an adder corpse.
You start resting.
A goblin is nearby!
A goblin is nearby!
A goblin is nearby!
You barely miss the goblin. The goblin misses you.
You completely miss the goblin. The goblin closely misses you.
You hit the goblin.
The goblin is moderately wounded.
The goblin barely misses you.
You completely miss the goblin.
The goblin is moderately wounded.
Blork the orc looks braver for a moment.
The goblin hits you with a +0 dagger.
You hit the goblin.
You kill the goblin!
Blork the orc points at you and mumbles some strange words.
The puff of flame hits you!
Blork the orc gestures at you while chanting.
The puff of flame hits you!
* * * LOW HITPOINT WARNING * * *
Casting: Tukima's Dance (quite dangerous; 4% risk of failure)
Confirm with . or Enter, or press ? or * to list all spells.
Aiming: Ensorcelled Hibernation (safe; 8% risk of failure)
Press: ? - help, Shift-Dir - straight line, f/p - Blork the orc
Aim: Blork the orc, wearing a +0 robe (chance to affect: 43%) Blork the orc looks drowsy...
Blork the orc shouts!
Blork the orc points at you and mumbles some strange words.
The puff of frost hits you!
You die...

.....##.########.#####...# .#
..(.......######.#####'''####.#
...............#.#...#...#..#.#
...............#.#...'.P.'....#
...##..........#.#...'.P.'..###
...##.....######.#...'.P.'..#
...##.....##...#.#...#...#..#
...##......#...#.#...#'''#..#
...##......#...#@#...#...#..#
.o.##..........#o#...#._.#..#
...##..........#.#...#...#..#
.(..............†....#####..#
.....##......##.............##
.....##......##.....##.......#
.....##.......#.....########.#
g....########.#......# #.....#
.....# .#......# #.########


You could see Blork the orc.

Vanquished Creatures
  3 gnolls (D:3)
  7 adders
  A worm (D:3)
  2 dart slugs (D:1)
  10 bats
  5 endoplasms
  4 giant cockroaches
  8 goblins
  5 hobgoblins
  2 quokkas
  5 ball pythons
  3 kobolds (D:2)
  7 rats
62 creatures vanquished.

Vanquished Creatures (collateral kills)
  A gnoll (D:3)
  An orc (D:4)
2 creatures vanquished.

Vanquished Creatures (others)
  3 dancing weapons
3 creatures vanquished.

Grand Total: 67 creatures vanquished

Notes
Turn   | Place    | Note
-------+----------+-------------------------------------------
     0 | D:1      | wrbvjkr the Spriggan Enchanter began the quest for the Orb.
     0 | D:1      | Reached XP level 1. HP: 9/9 MP: 5/5
   147 | D:1      | Reached XP level 2. HP: 10/13 MP: 7/7
   150 | D:1      | Learned a level 2 spell: Ensorcelled Hibernation
   423 | D:1      | Found Sosue's Jewellery Emporium.
   824 | D:1      | Reached XP level 3. HP: 16/16 MP: 9/9
   828 | D:1      | Learned a level 3 spell: Tukima's Dance
   832 | D:1      | Learned a level 3 spell: Dazzling Flash
  1406 | D:2      | Learned a level 1 spell: Animate Skeleton
  1408 | D:2      | Found a broken altar of Ashenzari.
  1526 | D:2      | Found a faded altar of an unknown god.
  2016 | D:3      | Reached XP level 4. HP: 21/21 MP: 11/11
  2183 | D:3      | Reached skill level 5 in Hexes
  2283 | D:3      | Found a shimmering altar of Xom.
  2749 | D:3      | Reached skill level 5 in Spellcasting
  2749 | D:3      | Reached XP level 5. HP: 19/24 MP: 10/13
  3114 | D:4      | Found an opulent altar of Gozag.
  3128 | D:4      | Found an ornate altar of the Wu Jian Council.
  3266 | D:4      | Gained mutation: Your body sometimes deteriorates upon
                  | taking damage. [potion of mutation]
  3266 | D:4      | Gained mutation: Your skin changes colour to match your
                  | surroundings (Stealth+). [potion of mutation]
  3266 | D:4      | Gained mutation: Armour fits poorly on your strangely
                  | shaped body. [potion of mutation]
  3266 | D:4      | Gained mutation: Your system is resistant to poisons.
                  | (rPois) [potion of mutation]
  3267 | D:4      | Lost mutation: Your body sometimes deteriorates upon taking
                  | damage. [potion of mutation]
  3267 | D:4      | Lost mutation: Your system is resistant to poisons. (rPois)
                  | [potion of mutation]
  3267 | D:4      | Gained mutation: You are dopey. (Int -2) [potion of
                  | mutation]
  3311 | D:4      | Noticed Blork the orc
  3353 | D:4      | Killed from afar by Blork the orc

Illustrated notes

Levels and vault maps discovered:
D:1:      heliophobic_arrival_battle_scene, layout_loops_ring, serial_shops,
          shop_fountains, chequers_serial_rivers_micro_b,
          kennysheep_nondescript, grunt_decor_resistance
D:2:      layout_basic, basic_altar, shapermc_ecumenical_altar_notcrosses
D:3:      layout_basic, mainiacjoe_overflow_surrounded_room,
          kennysheep_crisscross
D:4:      layout_basic, mainiacjoe_overflow_big_doors,
          mainiacjoe_overflow_cross_hatched, uniq_blork_the_orc

Skill      XL: |  1  2  3  4 |
---------------+-------------+-----
Spellcasting   | 3 4 5 |  5.1
Hexes          | 4 5 |  5.7
Short Blades   | |  1.1
Dodging        | |  2.6
Stealth        | |  4.6

Action                   |  1- 3 |  4- 6 || total
-------------------------+-------+-------++-------
Melee: Dagger            |   112 |    81 ||   193
 Cast: Ensorcelled Hiber |     8 |    12 ||    20
       Animate Skeleton  |     1 |       ||     1
       Tukima's Dance    |       |     7 ||     7
  Use: Scroll            |     7 |     2 ||     9
       Potion            |       |     2 ||     2
 Stab: Sleeping          |    21 |     9 ||    30
Armor: Robe              |     9 |     7 ||    16
Dodge: Dodged            |    69 |    76 ||   145

Table legend: (Time is in decaauts)
 A = Elapsed time spent in this place.
 B = Non-inter-level travel time spent in this place.
 C = Inter-level travel time spent in this place.
 D = Time resting spent in this place.
 E = Time spent auto-exploring this place.
 F = Levels seen in this place.
 G = Mean time per level.
                   A        B        C        D        E       F      G
               +--------+--------+--------+--------+--------+-----+--------+
         Total |   2418 |   2333 |     85 |    185 |   1573 |   4 |  604.5 |
       Dungeon |   2418 |   2333 |     85 |    185 |   1573 |   4 |  604.5 |
               +--------+--------+--------+--------+--------+-----+--------+

Top non-repeatable levels by time:
     D:1: 882 daAuts
     D:3: 852 daAuts
     D:2: 453 daAuts
     D:4: 229 daAuts
